 Dungeon Crawl Stone Soup version 0.30-a0-377-g5cb311bc9f (webtiles) character file.

Game seed: 13560480046779890375

62 qeuew the Gusty (level 4, -5/24 HPs)
             Began as a Tengu Air Elementalist on Nov 28, 2022.
             Slain by an ogre
             ... wielding a +0 giant club
              (29 damage)
             ... on level 2 of the Dungeon.
             The game lasted 00:02:03 (1924 turns).

qeuew the Gusty (Tengu Air Elementalist)            Turns: 1924, Time: 00:02:04

Health: -5/24      AC:  5    Str: 10    XL:     4   Next: 8%
Magic:  1/9        EV: 11    Int: 15    God:
Gold:   179        SH:  5    Dex: 15    Spells: 5/8 levels left

rFire   . . .      SeeInvis .    (no weapon)
rCold   . . .      Faith    .    (no shield)
rNeg    . . .      Spirit   .    d - +0 ring mail
rPois   .          Reflect  +    (helmet restricted)
rElec   .          Harm     .    (no cloak)
rCorr   .          Rampage  .    (no gloves)
Will    .....                    (boots unavailable)
Stlth   +.........               c - amulet of reflection
HPRegen 0.24/turn                (no ring)
MPRegen 0.11/turn                (no ring)

@: very slightly contaminated
A: beak, talons 3
a: no special abilities


You were on level 2 of the Dungeon.
You visited 1 branch of the dungeon, and saw 2 of its levels.

You collected 179 gold pieces.

Inventory:

Armour
 d - a +0 ring mail (worn)
Jewellery
 c - an amulet of reflection (around neck)
Scrolls
 b - a scroll of amnesia {unknown}
 e - a scroll of teleportation
 g - a scroll of acquirement {unknown}
Potions
 a - a potion of cancellation
 f - a potion of berserk rage {unknown}


   Skills:
 + Level 1.3 Armour
 + Level 2.7 Dodging
 - Level 2.0 Stealth
 * Level 2.7 Spellcasting
 + Level 2.3 Conjurations
 + Level 4.5 Air Magic


You had 5 spell levels left.
You knew the following spells:

 Your Spells              Type           Power      Damage    Failure   Level
a - Shock                 Conj/Air       48%        1d6       13%         1
b - Static Discharge      Conj/Air       24%        2-3/arc   19%         2

Your spell library contained the following spells:

 Spells                   Type           Power      Damage    Failure   Level
 Swiftness                Air            15%        N/A       24%         3
 Airstrike                Air            7%         2d(2-18)  63%         4


Dungeon Overview and Level Annotations

Branches:
Dungeon (2/15)

Altars:


Innate Abilities, Weirdness & Mutations

You have a beak for a mouth.
You have claws for feet.


Message History

a +0 club; 5 stones
Things that are here:
a +0 club; 5 stones Key pressed, stopping explore.
You can't see any susceptible monsters within range! (Use Z to cast anyway.)
You now have 179 gold pieces (gained 7).
You see here a +0 dagger.
Things that are here:
a +0 club; 5 stones You see here a +0 dagger.
Key pressed, stopping explore.
You can't see any susceptible monsters within range! (Use Z to cast anyway.)
Found four hammers.
You can't see any susceptible monsters within range! (Use Z to cast anyway.)
An ogre comes into view. It is wielding a +0 giant club.
Found a hammer.
The zap hits the ogre.
The ogre is lightly wounded.
The zap hits the ogre.
The ogre is lightly wounded.
An ogre is nearby!
The zap hits the ogre.
The ogre is lightly wounded.
An ogre is nearby!
You miscast Shock.
You are very lightly contaminated with residual magic.
Nothing appears to happen.
The zap hits the ogre.
The ogre is moderately wounded.
The zap hits the ogre.
The ogre is heavily wounded.
The zap hits the ogre.
The ogre is heavily wounded.
The ogre barely misses you.
The zap hits the ogre.
The ogre is severely wounded.
You miscast Shock.
Nothing appears to happen.
The ogre hits you with a +0 giant club!!
Ouch! That really hurt!
You die...

#### ###.....
.####)))) ##....
.......)# ##...
........# ##.#
........# #..
........# ###
#......# #
#....?.#############
#....O@............#
#######.......)....#
#............#
#............####
#................
#................
#................
#................
#####.#...###....


You could see an ogre.

Vanquished Creatures
  3 adders (D:2)
  A worm (D:2)
  A dart slug (D:1)
  5 bats
  2 endoplasms (D:1)
  3 goblins
  A hobgoblin (D:1)
  2 quokkas (D:1)
  5 ball pythons
  4 kobolds
  4 rats
31 creatures vanquished.

Vanquished Creatures (others)
  2 toadstools (D:1)
2 creatures vanquished.

Grand Total: 33 creatures vanquished

Notes
Turn   | Place    | Note
-------+----------+-------------------------------------------
     0 | D:1      | qeuew the Tengu Air Elementalist began the quest for the
                  | Orb.
     0 | D:1      | Reached XP level 1. HP: 10/10 MP: 4/4
   274 | D:1      | Reached XP level 2. HP: 15/15 MP: 4/6
   448 | D:1      | Learned a level 2 spell: Static Discharge
  1090 | D:2      | Reached skill level 1 in Armour
  1090 | D:2      | Reached XP level 3. HP: 19/19 MP: 0/7
  1466 | D:2      | Reached XP level 4. HP: 24/24 MP: 1/9
  1915 | D:2      | Noticed an ogre
  1924 | D:2      | Slain by an ogre

Illustrated notes

Levels and vault maps discovered:
D:1:      amcnicky_arrival_gap_in_the_tavern_cellar, layout_loops_cross,
          chequers_mini_garden, grunt_decor_resistance, st_stairs_7,
          minmay_gold_behind_fungi
D:2:      minmay_diamond_boxcup, layout_basic, uniq_crazy_yiuf_cottage,
          uniq_natasha

Skill      XL: |  1  2 |
---------------+-------+-----
Armour         | 1 |  1.3
Conjurations   | 2 |  2.3
Dodging        | |  2.7
Stealth        | |  2.0
Spellcasting   | |  2.7
Air Magic      | |  4.5

Action                   |  1- 3 |  4- 6 || total
-------------------------+-------+-------++-------
Melee: Unarmed           |    32 |       ||    32
       Kick              |     7 |       ||     7
       Peck              |     4 |       ||     4
 Cast: Shock             |    67 |    12 ||    79
  Use: Scroll            |     3 |       ||     3
       Potion            |     2 |       ||     2
Armor: Ring mail         |    21 |       ||    21
Dodge: Dodged            |    19 |     1 ||    20
Block: Other             |     8 |       ||     8

Table legend: (Time is in decaauts)
 A = Elapsed time spent in this place.
 B = Non-inter-level travel time spent in this place.
 C = Inter-level travel time spent in this place.
 D = Time resting spent in this place.
 E = Time spent auto-exploring this place.
 F = Levels seen in this place.
 G = Mean time per level.
                   A        B        C        D        E       F      G
               +--------+--------+--------+--------+--------+-----+--------+
         Total |   1923 |   1905 |     18 |      0 |   1641 |   2 |  961.5 |
       Dungeon |   1923 |   1905 |     18 |      0 |   1641 |   2 |  961.5 |
               +--------+--------+--------+--------+--------+-----+--------+

Top non-repeatable levels by time:
     D:1: 966 daAuts
     D:2: 957 daAuts
